 Dungeon Sprint DCSS version 0.21-a0-437-ge5bf024 (webtiles) character file.

8721 mastercheaf21 the Shatterer (level 11, -3/118 HPs)
             Began as a Minotaur Berserker on Nov 9, 2017.
             Was the Champion of Trog.
             Slain by a dire elephant (17 damage)
             ... in the Dungeon (Sprint IX: "|||||||||||||||||||||||||||||").
             The game lasted 00:10:13 (1473 turns).

mastercheaf21 the Shatterer (Minotaur Berserker)    Turns: 1473, Time: 00:10:14

Health: -3/118     AC: 17    Str: 24    XL:     11   Next: 13%
Magic:  3/3        EV: 11    Int:  4    God:    Trog [******]
Gold:   0          SH:  0    Dex: 11    Spells: 10/10 levels left

rFire    . . .     SeeInvis .   z - +4 flail (antimagic)
rCold    . . .     Gourm    .   (no shield)
rNeg     . . .     Faith    .   r - +1 chain mail
rPois    .         Spirit   .   (helmet restricted)
rElec    .         Reflect  .   (no cloak)
rCorr    .         Harm     .   s - +0 pair of gloves
MR       .....     NoTele   +   (no boots)
Stlth    ..........             (no amulet)
HPRegen  0.29/turn              p - +2 ring of protection
MPRegen  0.08/turn              q - +2 ring of evasion

@: berserk cooldown, starving, slowed, very slow
A: retaliatory headbutt, horns 2
a: Berserk, Trog's Hand, Brothers in Arms, Burn Spellbooks, Renounce Religion


You were in the Dungeon.
You worshipped Trog.
Trog was exalted by your worship.
You were starving.

You visited 1 branch

Inventory:

Hand Weapons
 a - a +0 mace
 n - a +2 morningstar of protection
 o - a +3 war axe of chopping
 t - a +2 antimagic great mace
 z - a +4 antimagic flail (weapon)
Armour
 b - a +0 animal skin
 j - a +0 leather armour
 r - a +1 chain mail (worn)
 s - a +0 pair of gloves (worn)
Jewellery
 p - a +2 ring of protection (left hand)
 q - a +2 ring of evasion (right hand)
Wands
 m - a wand of lightning (7/15)
Scrolls
 i - 2 scrolls of blinking
 l - 2 scrolls of remove curse
 v - 3 scrolls of identify
 x - 2 scrolls of recharging
 y - a scroll of fog
Potions
 d - 7 potions of curing
 e - 4 potions of heal wounds
 f - a potion of haste
 g - 4 potions of magic
 h - a potion of berserk rage
 k - a potion of invisibility
 u - 2 potions of mutation
 w - a potion of might
Comestibles
 c - a bread ration


   Skills:
 + Level 17.8 Fighting
 - Level 21.4 Maces & Flails
 + Level 12.8 Armour
 - Level 2.1 Dodging
 - Level 0.4 Stealth


You had 10 spell levels left.
You didn't know any spells.

Dungeon Overview and Level Annotations

Branches:
Dungeon (1/1)

Altars:
Cheibriados
Dithmenos
Elyvilon
Fedhas
Gozag
Hepliaklqana
Kikubaaqudgha
Makhleb
Nemelex Xobeh
Okawaru
Qazlal
Ru
Sif Muna
Trog
Uskayaw
Vehumet
Wu Jian
Xom
Yredelemnul
Zin
The Shining One
Beogh
Jiyva
Lugonu


Innate Abilities, Weirdness & Mutations

You reflexively headbutt those who attack you in melee.
You have a pair of horns on your head.


Message History

There is an open door, spattered with blood here.
Things that are here:
a spiny frog skeleton x2; a hydra skeleton You hit the dire elephant.
You headbutt the dire elephant, but do no damage.
The dire elephant is lightly wounded.
The dire elephant tramples you!!
* * * LOW HITPOINT WARNING * * *
You stumble backwards!
You feel much better. The dire elephant closely misses you.
The dire elephant barely misses you.
You hit the dire elephant. You headbutt the dire elephant.
The dire elephant is lightly wounded.
The dire elephant barely misses you. The dire elephant trunk-slaps you!
* * * LOW HITPOINT WARNING * * *
You bludgeon the dire elephant!!
You headbutt the dire elephant, but do no damage.
The dire elephant is moderately wounded.
The dire elephant tramples you!
You die...

▓.▓.▓_▓
▓†▓.▓_▓
▓†▓.▓_▓
▓.▓.▓_▓
▓†▓.▓_▓
▓†▓.▓_▓
▓)▓.▓_▓
▓Y▓.▓_▓
▓@▓.▓_▓
▓.▓.▓_▓
▓.▓.▓_▓
▓.▓.▓_▓
▓.▓.▓_▓
▓.▓.▓_▓
▓.▓.▓_▓
▓.▓.▓_▓
▓.▓.▓_▓


You could see a dire elephant.

Vanquished Creatures
  A dire elephant (D)
  2 hydras (D)
  A catoblepas (D)
  2 deep elf magi (D)
  7 elephants (D)
  3 spiny frogs (D)
  A hippogriff (D)
  A shadow (D)
  A wyvern (D)
  A yak (D)
  2 water moccasins (D)
  5 porcupines (D)
  A black bear (D)
  An eye of draining (D)
  A phantom (D)
  A centaur (D)
  2 crocodiles (D)
  A bullfrog (D)
  A hound (D)
  A quasit (D)
  2 worker ants (D)
  A dart slug (D)
  An orc (D)
  A ball python (D)
  2 giant cockroaches (D)
  A hobgoblin (D)
  A kobold (D)
  A bat (D)
  A rat (D)
47 creatures vanquished.

Notes
Turn   | Place    | Note
-------+----------+-------------------------------------------
     0 | D        | mastercheaf21 the Minotaur Berserker began the quest for the Orb.
     0 | D        | Reached XP level 1. HP: 19/19 MP: 0/0
     4 | D        | Reached skill level 4 in Maces & Flails
    10 | D        | Reached ** piety under Trog
    12 | D        | Reached skill level 5 in Maces & Flails
   119 | D        | Noticed a worker ant
   120 | D        | Reached XP level 2. HP: 28/28 MP: 1/1
   122 | D        | Reached *** piety under Trog
   126 | D        | Reached skill level 5 in Fighting
   126 | D        | Reached skill level 7 in Maces & Flails
   126 | D        | Reached XP level 3. HP: 27/36 MP: 2/2
   211 | D        | Found a roughly hewn altar of Beogh.
   211 | D        | Found a snail-covered altar of Cheibriados.
   211 | D        | Found a shadowy altar of Dithmenos.
   211 | D        | Found a white marble altar of Elyvilon.
   211 | D        | Found a blossoming altar of Fedhas.
   211 | D        | Found an opulent altar of Gozag.
   212 | D        | Found a hazy altar of Hepliaklqana.
   213 | D        | Found a viscous altar of Jiyva.
   214 | D        | Found an ancient bone altar of Kikubaaqudgha.
   215 | D        | Found a corrupted altar of Lugonu.
   216 | D        | Found a burning altar of Makhleb.
   217 | D        | Found a sparkling altar of Nemelex Xobeh.
   218 | D        | Found an iron altar of Okawaru.
   219 | D        | Found a stormy altar of Qazlal.
   220 | D        | Found a sacrificial altar of Ru.
   221 | D        | Found a deep blue altar of Sif Muna.
   222 | D        | Found a bloodstained altar of Trog.
   223 | D        | Found a hide-covered altar of Uskayaw.
   224 | D        | Found a radiant altar of Vehumet.
   225 | D        | Found an ornate altar of the Wu Jian Council.
   226 | D        | Found a shimmering altar of Xom.
   227 | D        | Found a basalt altar of Yredelemnul.
   228 | D        | Found a glowing silver altar of Zin.
   229 | D        | Found a glowing golden altar of the Shining One.
   295 | D        | Noticed a centaur
   295 | D        | Noticed a hippogriff
   295 | D        | Noticed an eye of draining
   298 | D        | Reached **** piety under Trog
   298 | D        | Reached skill level 8 in Maces & Flails
   301 | D        | Killed an eye of draining
   301 | D        | Reached skill level 10 in Maces & Flails
   301 | D        | Reached XP level 4. HP: 45/47 MP: 0/3
   301 | D        | Reached XP level 5. HP: 50/52 MP: 0/4
   303 | D        | Killed a hippogriff
   303 | D        | Reached skill level 13 in Maces & Flails
   303 | D        | Reached XP level 6. HP: 58/62 MP: 0/5
   316 | D        | Reached skill level 14 in Maces & Flails
   322 | D        | Reached ***** piety under Trog
   360 | D        | Noticed a wyvern
   360 | D        | Noticed a catoblepas
   360 | D        | Noticed a deep elf mage
   360 | D        | Noticed a deep elf mage
   360 | D        | Noticed a shadow
   366 | D        | Noticed an ice beast
   368 | D        | Killed a shadow
   368 | D        | Reached skill level 15 in Maces & Flails
   368 | D        | Reached XP level 7. HP: 57/71 MP: 6/6
   371 | D        | Reached skill level 10 in Fighting
   371 | D        | Reached skill level 16 in Maces & Flails
   375 | D        | Killed a deep elf mage
   375 | D        | Reached skill level 17 in Maces & Flails
   388 | D        | Killed a catoblepas
   388 | D        | Received a gift from Trog
   388 | D        | Reached skill level 18 in Maces & Flails
   388 | D        | Reached XP level 8. HP: 25/82 MP: 7/7
   390 | D        | Killed a deep elf mage
   390 | D        | Reached skill level 19 in Maces & Flails
   390 | D        | Reached XP level 9. HP: 28/90 MP: 8/8
   845 | D        | Reached skill level 20 in Maces & Flails
   846 | D        | Noticed an elephant
   865 | D        | Received a gift from Trog
   870 | D        | Killed an elephant
   870 | D        | Reached skill level 21 in Maces & Flails
   873 | D        | Reached ****** piety under Trog
  1019 | D        | Noticed a four-headed hydra
  1019 | D        | Noticed a spiny frog
  1019 | D        | Noticed a spiny frog
  1023 | D        | Noticed a spiny frog
  1025 | D        | Noticed a six-headed hydra
  1034 | D        | Killed a four-headed hydra
  1034 | D        | Reached XP level 10. HP: 54/103 MP: 3/9
  1037 | D        | Killed a spiny frog
  1040 | D        | Killed a spiny frog
  1044 | D        | Killed a six-headed hydra
  1044 | D        | Reached skill level 15 in Fighting
  1047 | D        | Killed a spiny frog
  1047 | D        | Received a gift from Trog
  1409 | D        | Noticed an elephant
  1409 | D        | Noticed an elephant
  1409 | D        | Noticed an elephant
  1409 | D        | Noticed an elephant
  1409 | D        | Noticed a dire elephant
  1409 | D        | Noticed an elephant
  1414 | D        | Noticed an elephant
  1421 | D        | Killed a dire elephant
  1425 | D        | Killed an elephant
  1435 | D        | Killed an elephant
  1440 | D        | Killed an elephant
  1440 | D        | Received a gift from Trog
  1440 | D        | Reached XP level 11. HP: 73/117 MP: 3/10
  1467 | D        | Noticed a dire elephant
  1473 | D        | Slain by a dire elephant

Vault maps used:
D:        linesprint

Skill      XL: |  1  2  3  4  5  6  7  8  9 10 |
---------------+-------------------------------+-----
Maces & Flails | 5 7 10 13 15 18 19 21 | 21.4
Fighting       | 4 5 7 8 9 11 14 17 | 17.8
Armour         | 6 12 | 12.8
Dodging        | |  2.1
Stealth        | |  0.4

Action                   |  1- 3 |  4- 6 |  7- 9 | 10-12 || total
-------------------------+-------+-------+-------+-------++-------
Melee: Mace              |    20 |       |       |       ||    20
       Headbutt          |     7 |     5 |    12 |    28 ||    52
       Morningstar       |     6 |    26 |    46 |       ||    78
       Flail             |       |       |    14 |    69 ||    83
Invok: Berserk           |       |     1 |     1 |     1 ||     3
  Use: Scroll            |     1 |       |       |       ||     1
       Potion            |       |       |       |     1 ||     1
 Stab: Distracted        |     1 |       |       |       ||     1
       Petrified         |       |       |     1 |       ||     1
  Eat: Chunk             |       |       |     1 |     2 ||     3
Armor: Animal skin       |     7 |       |       |       ||     7
       Chain mail        |     1 |    16 |    14 |    27 ||    58
Dodge: Dodged            |    13 |    17 |    21 |    21 ||    72

Table legend:
 A = Spawn XP
 B = Non-spawn XP
 C = Spawn XP percentage of total XP
 D = Spawn monster count
 E = Non-spawn monster count
 F = Spawn count percentage of total count
 G = Total turns spent on level
                    A         B        C        D         E        F      G
               +---------+---------+-------+---------+---------+-------+---------
         Total |       0 |   12459 |   0.0 |       0 |      47 |   0.0 |  1473
               +---------+---------+-------+---------+---------+-------+---------
             D |       0 |   12459 |   0.0 |       0 |      47 |   0.0 |  1473
               +---------+---------+-------+---------+---------+-------+---------
